 Dungeon Crawl Stone Soup version 0.31-a0-455-g1a7b003ef0 (webtiles) character file.

Game seed: 6165981536402538033

8982 Ofeo the Fighter (level 11, 0/93 HPs)
             Began as a Demonspawn Shapeshifter on Aug 3, 2023.
             Was a Follower of Hepliaklqana.
             Slain by an orc knight
             ... wielding a +0 halberd
              (19 damage)
             ... in a bailey.
             The game lasted 00:17:41 (11299 turns).

Ofeo the Fighter (Demonspawn Shapeshifter)         Turns: 11299, Time: 00:17:41

Health: 0/93       AC: 12    Str: 16    XL:     11   Next: 17%
Magic:  12/12      EV: 17    Int: 10    God:    Hepliaklqana [*.....]
Gold:   1683       SH:  0    Dex: 17    Spells: 10/10 levels left

rFire   . . .        D - +5 Force Lance {heavy, knockback}
rCold   + . .        (no shield)
rNeg    + . .        n - +2 ring mail {rC+}
rPois   +            (no helmet)
rElec   .            G - +2 cloak {Will+}
rCorr   +            C - +1 pair of gloves "Plog" {rPois rN+ rCorr}
SInv    .            (no boots)
Will    +....        m - amulet of the acrobat
Stlth   +            (no ring)
HPRegen 0.35/turn    (no ring)
MPRegen 0.13/turn

%: acrobat
@: no status effects
A: reduced essence, hooves 2, ignite blood 1, powered by pain 2, sturdy frame 1,
robust 1
a: Renounce Religion, Recall Ancestor, Ancestor Identity


You were in a bailey.
You worshipped Hepliaklqana.
Hepliaklqana was aware of your devotion.
You visited 2 branches of the dungeon, and saw 10 of its levels.
You also visited: Ossuary and Bailey.

You collected 1832 gold pieces.
You spent 149 gold pieces at shops.

Inventory:

Hand Weapons
 a - a +0 orcbow
 b - the +4 hammer "Moejuagry" {speed, *Slow rElec rF+}
   (You found it on level 3 of the Dungeon)

   rF:        It protects you from fire.
   rElec:     It insulates you from electricity.
   *Slow:     It may slow you when you take damage.
 D - the +5 Force Lance (weapon) {heavy, knockback}
   (You took it off a centaur on level 7 of the Dungeon)
Missiles
 d - 9 javelins
 o - a throwing net
Armour
 n - a +2 ring mail of cold resistance (worn)
 C - the +1 pair of gloves "Plog" (worn) {rPois rN+ rCorr}
   (You acquired it on level 2 of the Dungeon)

   rPois:     It protects you from poison.
   rN:        It protects you from negative energy.
   rCorr:     It protects you from acid and corrosion.
 G - a +2 cloak of willpower (worn)
Jewellery
 m - an amulet of the acrobat (around neck)
 x - a ring of ice
 E - the ring of the Failed Coup {rC+ Dex+3}
   (You took it off an orc warrior on level 7 of the Dungeon)

   [ring of protection from cold]

   Dex:       It affects your dexterity (+3).
   rC:        It protects you from cold.
Talismans
 c - a beast talisman
 f - a blade talisman
 u - a talisman of death
Wands
 k - a wand of light (10)
 p - a wand of mindburst (15)
 s - a wand of iceblast (7) {@v4}
 v - a wand of flame (19)
 F - a wand of paralysis (8)
Scrolls
 i - 3 scrolls of identify {@r1}
 l - 2 scrolls of fog
 r - 4 scrolls of teleportation {@r3}
 w - 3 scrolls of blinking {@r4}
 y - a scroll of summoning
Potions
 e - 3 potions of lignification
 h - a potion of heal wounds {@q2}
 j - a potion of cancellation
 q - 2 potions of curing {@q1}
 t - a potion of might {@q4}
 z - a potion of resistance {@q6}
 A - a potion of haste {@q3}
 B - 2 potions of mutation


   Skills:
 + Level 11.1 Fighting
 + Level 0.9 Armour
 + Level 10.2 Dodging
 - Level 2.8 Unarmed Combat
 + Level 1.3 Invocations
 - Level 7.0 Evocations
 - Level 3.6 Shapeshifting


You had 10 spell levels left.
You didn't know any spells.
Your spell library contained the following spells:

 Spells                   Type           Power      Damage    Failure   Level
 Shock                    Conj/Air       0%         1d3       45%         1
 Slow                     Hex            0%         N/A       45%         1
 Cigotuvi's Dreadful Rot  Necr/Pois/Air  0%         N/A       61%         2
 Poisonous Vapours        Pois/Air       0%         N/A       61%         2
 Confusing Touch          Hex            0%         N/A       83%         3
 Frozen Ramparts          Ice            0%         1d1       83%         3
 Ignite Poison            Fire/Tmut/Pois 0%         N/A       83%         3
 Mephitic Cloud           Conj/Pois/Air  0%         N/A       83%         3
 Stone Arrow              Conj/Erth      0%         3d7       83%         3
 Swiftness                Air            0%         N/A       83%         3
 Vampiric Draining        Necr           0%         2d6       83%         3
 Volatile Blastmotes      Fire/Tloc      0%         2d10      83%         3
 Airstrike                Air            0%         2d(0-16)  99%         4
 Animate Armour           Summ/Erth      0%         N/A       99%         4
 Animate Dead             Necr           0%         N/A       99%         4
 Cause Fear               Hex            0%         N/A       99%         4
 Fulminant Prism          Conj/Hex       0%         3d5       99%         4
 Iskenderun's Mystic Bla  Conj/Tloc      0%         2d3       99%         4
 Petrify                  Tmut/Erth      0%         N/A       99%         4
 Borgnjor's Vile Clutch   Necr/Erth      0%         N/A       100%        5
 Fireball                 Conj/Fire      0%         3d3       100%        5
 Freezing Cloud           Conj/Ice/Air   0%         6-21      100%        5
 Metabolic Englaciation   Hex/Ice        0%         N/A       100%        5
 Death Channel            Necr           0%         N/A       100%        6
 Haunt                    Necr/Summ      0%         N/A       100%        7
 Borgnjor's Revivificati  Necr           0%         N/A       100%        8
 Lehudib's Crystal Spear  Conj/Erth      0%         10d2      100%        8
 Death's Door             Necr           0%         N/A       100%        9
 Dragon's Call            Summ           0%         N/A       100%        9


Dungeon Overview and Level Annotations

Branches:
Dungeon (9/15)             Temple (1/1) D:7            Lair (0/5) D:8
Ossuary (visited)          Bailey (1/1)
    Orc: D:9-12

Altars:
Ashenzari
Cheibriados
Dithmenos
Fedhas
Gozag
Hepliaklqana
Kikubaaqudgha
Makhleb
Okawaru
Ru
Sif Muna
Trog
Uskayaw
Vehumet
Wu Jian
Xom
Yredelemnul

Shops:
D:2 :   D:5 **

Annotations:
D:7 1 runed translucent door, knightboat's ghost, novice BaFi


Innate Abilities, Weirdness & Mutations

Your life essence is reduced to manifest your ancestor. (-10% HP)
You have hoof-like feet.
Your demonic aura sometimes causes spilled blood to erupt in flames.
You sometimes gain power by taking damage.
Your movements are slightly less encumbered by armour. (ER -2)
You are robust. (+10% HP)


Message History

Xiuhtonal hits the orc knight but does no damage.
The orc knight is engulfed in blazing flames.
The orc knight hits you from afar with a +0 halberd!
Xiuhtonal closely misses the orc knight.
You take 8 damage, and have 33/93 hp.
Reach: D) +5 Force Lance {heavy, knockback}
Press: ? - help, Dir - move target, f/p - orc knight
Aim: an orc knight, wielding a +0 halberd and wearing a +0 crystal plate armour (almost dead, ally target, about 29% to evade the +5 Force Lance)
You reach to attack!
You closely miss the orc knight.
The orc knight is almost dead.
The orc knight hits you from afar with a +0 halberd!
* * * LOW HITPOINT WARNING * * *
Xiuhtonal barely misses the orc knight.
The orc knight closely misses you.
You take 10 damage, and have 23/93 hp.
Reach: D) +5 Force Lance {heavy, knockback}
Press: ? - help, Dir - move target, f/p - orc knight
Aim: an orc knight, wielding a +0 halberd and wearing a +0 crystal plate armour (almost dead, ally target, about 29% to evade the +5 Force Lance)
You reach to attack!
You hit the orc knight but do no damage.
The orc knight is almost dead.
Xiuhtonal barely misses the orc knight.
The orc knight completely misses you.
Xiuhtonal hits the orc knight but does no damage.
Reach: D) +5 Force Lance {heavy, knockback}
Press: ? - help, Dir - move target, f/p - orc knight
Aim: an orc knight, wielding a +0 halberd and wearing a +0 crystal plate armour (almost dead, ally target, about 29% to evade the +5 Force Lance)
You reach to attack!
You barely miss the orc knight.
The orc knight is almost dead.
The orc knight hits you from afar with a +0 halberd.
* * * LOW HITPOINT WARNING * * *
Xiuhtonal hits the orc knight but does no damage.
The orc knight misses you.
Xiuhtonal hits the orc knight.
You take 6 damage, and have 18/93 hp.
Reach: D) +5 Force Lance {heavy, knockback}
Press: ? - help, Dir - move target, f/p - orc knight
Aim: an orc knight, wielding a +0 halberd and wearing a +0 crystal plate armour (almost dead, ally target, about 29% to evade the +5 Force Lance)
You reach to attack!
You hit the orc knight but do no damage.
The orc knight is almost dead.
The orc knight hits you from afar with a +0 halberd!!
You die...

♣♣♣♣♣♣♣♣
♣♣......♣♣
♣........♣
#♣..∩..∩..♣#
#..........#
##..........##
#......).....##
#.♣............♣
#.♣♣...@...♣.♣..
.......R.......≈
....#..)o#....≈≈
≈≈≈≈#....#≈≈≈≈≈≈
≈≈≈≈ #....#≈≈≈≈≈
≈≈≈≈ #..).# ≈≈≈≈
≈≈≈≈≈#....#≈≈≈≈≈
≈≈...#.)))#...♣♣
........)...♣...


You could see the friendly Xiuhtonal the ancestor and an orc knight (ally
target).

Vanquished Creatures
  A cyclops (D:7)
  An elephant (D:8)
  Joseph (D:8)
  Maurice (D:8)
  Psyche (D:8)
  Sigmund (D:4)
  13 yaks (D:8)
  A steam dragon (D:8)
  2 basilisks (D:8)
  Grum (D:8)
  A wyvern (D:8)
  Duvessa (D:4)
  A water moccasin (D:5)
  9 orc warriors
  A sky beast (D:8)
  3 black bears
  An ice beast (D:6)
  An ogre (D:6)
  3 wolves (D:8)
  2 centaurs
  A phantom (D:7)
  2 elf zombies (Ossuary)
  3 bullfrogs
  2 scorpions (D:5)
  Blork the orc (D:4)
  Dowan (D:4)
  3 wights (D:8)
  7 killer bees
  3 howler monkeys (D:9)
  A centaur zombie (Ossuary)
  7 hounds
  3 orc priests
  3 sleepcaps
  Crazy Yiuf (D:3)
  2 iguanas (D:7)
  2 gnoll boudas (D:6)
  Natasha (thrice) (D:4)
  6 orc wizards
  2 mummies (Ossuary)
  9 adders
  16 gnolls
  2 shadow imps
  3 white imps
  An ufetubus (D:4)
  4 worms (D:2)
  3 dart slugs
  37 orcs
  7 endoplasms
  2 giant cockroaches
  5 gnoll zombies (Ossuary)
  4 hobgoblins
  9 jackals
  7 kobolds
  6 quokkas
  10 ball pythons
  A bat (D:3)
  4 frilled lizards
  4 goblins
  3 goblin zombies (Ossuary)
  A hobgoblin zombie (Ossuary)
  2 orc zombies (Ossuary)
  4 rats
243 creatures vanquished.

Vanquished Creatures (collateral kills)
  A wolf (D:8)
  2 wights (D:8)
  A killer bee (D:9)
  An orc wizard (D:8)
  A gnoll (D:6)
  An orc (Bailey)
7 creatures vanquished.

Vanquished Creatures (others)
  5 ancestors
5 creatures vanquished.

Grand Total: 255 creatures vanquished

Notes
Turn   | Place    | Note
-------+----------+-------------------------------------------
     0 | D:1      | Ofeo the Demonspawn Shapeshifter began the quest for the
                  | Orb.
     0 | D:1      | Reached XP level 1. HP: 15/15 MP: 1/1
   198 | D:1      | Gained mutation: Your movements are slightly less
                  | encumbered by armour. (ER -2) [demonic ancestry]
   198 | D:1      | Reached XP level 2. HP: 19/21 MP: 2/2
  1137 | D:1      | Reached XP level 3. HP: 27/27 MP: 3/3
  1569 | D:2      | Reached skill level 2 in Fighting
  2040 | D:2      | Found Hihel's Book Shop.
  2279 | D:2      | Gained mutation: You have large cloven feet. [demonic
                  | ancestry]
  2279 | D:2      | Reached XP level 4. HP: 34/34 MP: 4/4
  2496 | D:2      | Identified a scroll of acquirement
  2496 | D:2      | Acquired the +1 pair of gloves "Plog" {rPois rN+ rCorr}
  2666 | D:3      | Found a runed translucent door.
  2667 | D:3      | Noticed Crazy Yiuf
  3343 | D:2      | Reached XP level 5. HP: 40/40 MP: 5/5
  3461 | D:3      | Reached skill level 3 in Fighting
  3861 | D:3      | Gained mutation: You are robust. (+10% HP) [potion of
                  | mutation]
  3867 | D:3      | Killed Crazy Yiuf
  3874 | D:3      | Identified the +4 hammer "Moejuagry" {speed, *Slow rElec
                  | rF+}
  4079 | D:4      | Noticed Blork the orc
  4084 | D:4      | Killed Blork the orc
  4085 | D:4      | Reached XP level 6. HP: 48/52 MP: 6/6
  4173 | D:4      | Noticed Natasha
  4178 | D:4      | Killed Natasha
  4348 | D:4      | Noticed Sigmund
  4358 | D:4      | Killed Sigmund
  4359 | D:4      | Reached skill level 4 in Fighting
  4438 | D:4      | Found a shimmering altar of Xom.
  4438 | D:4      | Noticed Natasha
  4439 | D:4      | Found a snail-covered altar of Cheibriados.
  4447 | D:4      | Killed Natasha
  4451 | D:4      | Reached XP level 7. HP: 60/60 MP: 7/7
  4477 | D:4      | Noticed Dowan
  4518 | D:4      | Killed Dowan
  4762 | D:4      | Noticed Duvessa
  4767 | D:4      | Killed Duvessa
  4768 | D:4      | Reached skill level 5 in Fighting
  5044 | D:4      | Noticed Natasha
  5052 | D:4      | Killed Natasha
  5053 | D:4      | Reached skill level 5 in Dodging
  5137 | D:5      | Entered Level 5 of the Dungeon
  5630 | D:5      | Reached skill level 6 in Fighting
  5757 | D:5      | Gained mutation: Your demonic aura sometimes causes spilled
                  | blood to erupt in flames. [demonic ancestry]
  5757 | D:5      | Reached XP level 8. HP: 68/70 MP: 8/8
  5916 | D:5      | Found Ybbongaj's Specific Store.
  5933 | D:5      | Found Pif Ept's General Store.
  5936 | D:5      | Bought a scroll of blinking for 97 gold pieces
  5936 | D:5      | Bought a scroll of fog for 52 gold pieces
  6042 | D:5      | You fall into a shaft and drop 2 floors!
  6156 | D:7      | Noticed knightboat's ghost (novice BaFi)
  6168 | D:7      | Found a runed translucent door.
  6393 | D:7      | Noticed a cyclops
  6407 | D:6      | Acquired 1057 gold pieces
  6445 | D:6      | Identified the +1 spear "Ruod" {pain, rF+}
  6455 | D:6      | Found a sand-covered staircase.
  6460 | Ossuary  | Entered an ossuary
  6629 | Ossuary  | Reached skill level 1 in Evocations
  6841 | D:6      | Reached skill level 7 in Fighting
  6958 | D:6      | Found a shadowy altar of Dithmenos.
  7405 | D:6      | Gained mutation: You sometimes gain a little power by
                  | taking damage. [demonic ancestry]
  7405 | D:6      | Reached XP level 9. HP: 79/79 MP: 9/9
  7692 | D:7      | Found a staircase to the Ecumenical Temple.
  7705 | Temple   | Entered the Ecumenical Temple
  7742 | Temple   | Became a worshipper of Hepliaklqana the Forgotten
  7871 | D:7      | Killed a cyclops
  7872 | D:7      | Reached skill level 8 in Fighting
  7996 | D:7      | Identified the ring of the Failed Coup {rC+ Dex+3}
  8428 | D:7      | Reached skill level 5 in Evocations
  9013 | D:8      | Found a staircase to the Lair.
  9013 | D:8      | Noticed an elephant
  9038 | D:8      | Killed an elephant
  9039 | D:8      | Reached skill level 9 in Fighting
  9042 | D:8      | Gained mutation: You have hoof-like feet. [demonic
                  | ancestry]
  9042 | D:8      | Reached XP level 10. HP: 24/91 MP: 10/10
  9380 | D:8      | Noticed Maurice
  9386 | D:8      | Paralysed by something for 2 turns
  9392 | D:8      | Killed Maurice
  9822 | D:8      | Reached * piety under Hepliaklqana
  9822 | D:8      | Noticed Grum
  9835 | D:8      | Noticed Joseph
  9848 | D:8      | Killed Grum
  9851 | D:8      | Killed Joseph
 10113 | D:8      | Noticed Psyche
 10185 | D:8      | Killed Psyche
 10186 | D:8      | Reached skill level 10 in Fighting
 10651 | D:8      | Reached skill level 10 in Dodging
 10651 | D:8      | Gained mutation: You sometimes gain power by taking damage.
                  | [demonic ancestry]
 10651 | D:8      | Reached XP level 11. HP: 91/92 MP: 11/11
 11071 | D:9      | Reached skill level 11 in Fighting
 11085 | D:9      | Found a burning altar of Makhleb.
 11138 | D:9      | Found a flagged portal.
 11149 | Bailey   | Entered a bailey
 11194 | Bailey   | Reached skill level 1 in Invocations
 11286 | Bailey   | Noticed an orc knight
 11299 | Bailey   | Slain by an orc knight

Illustrated notes

Levels and vault maps discovered:
D:1:      eino_arrival_cavern_e, layout_basic, dk_noncrumbling_2,
          hangedman_decor_clover_reticule
D:2:      layout_loops_cross, serial_shops, nicolae_book_shop_shelving,
          grunt_decor_cap
D:3:      layout_loops_ring, chequers_serial_rivers_micro_c,
          uniq_crazy_yiuf_cottage
D:4:      layout_basic, grunt_temple_overflow_open, uniq_natasha, uniq_sigmund,
          uniq_duvessa, uniq_blork_the_orc
D:5:      layout_basic, nicolae_specific_store
D:6:      layout_basic, mainiacjoe_overflow_small_starburst, enter_ossuary_5
D:7:      layout_basic, minmay_temple_entry_gardened_gates,
          hellmonk_ghost_happy_afterlife
D:8:      layout_cave_pods, david_lair_generic, grunt_ministairs_3, uniq_joseph,
          uniq_psyche, uniq_grum, uniq_maurice
D:9:      layout_loops_corners, kennysheep_mini, nemelex_diamond_rough_becter,
          nicolae_qazlal_eye_of_the_storm, enter_bailey_2, uniq_maggie
Temple:   nicolae_temple_bog_church
Bailey:   bailey_polearm_elven_captive_hellmonk, bailey

Skill      XL: |  1  2  3  4  5  6  7  8  9 10 11 |
---------------+----------------------------------+-----
Dodging        | 2 3 4 5 7 8 10 | 10.2
Shapeshifting  | 3 |  3.6
Fighting       | 2 3 4 6 7 9 10 11 | 11.1
Evocations     | 3 5 7 |  7.0
Invocations    | 1 |  1.3
Armour         | |  0.9
Unarmed Combat | |  2.8

Action                     |  1- 3 |  4- 6 |  7- 9 | 10-12 || total
---------------------------+-------+-------+-------+-------++-------
  Melee: Unarmed           |   151 |    12 |       |       ||   163
         Punch             |     3 |     4 |     6 |     6 ||    19
         Trident           |       |    65 |       |       ||    65
         Kick              |       |    21 |   101 |    22 ||   144
         Mace              |       |    44 |   283 |       ||   327
         Lance             |       |       |    68 |   149 ||   217
  Evoke: Wand              |       |       |     6 |    14 ||    20
    Use: Scroll            |     2 |     7 |     9 |       ||    18
         Potion            |       |     4 |     2 |     1 ||     7
   Stab: Sleeping          |       |     1 |     1 |       ||     2
         Distracted        |       |       |     1 |     1 ||     2
 Armour: Animal skin       |     6 |       |       |       ||     6
         Ring mail         |    33 |    42 |   117 |    51 ||   243
  Dodge: Dodged            |    72 |    88 |   321 |   176 ||   657
         Form:             |       |     1 |       |       ||     1

Table legend: (Time is in decaauts)
 A = Elapsed time spent in this place.
 B = Non-inter-level travel time spent in this place.
 C = Inter-level travel time spent in this place.
 D = Time resting spent in this place.
 E = Time spent auto-exploring this place.
 F = Levels seen in this place.
 G = Mean time per level.
                   A        B        C        D        E       F      G
               +--------+--------+--------+--------+--------+-----+--------+
         Total |  11450 |  11112 |    338 |   1808 |   7006 |  12 |  954.2 |
       Dungeon |  10938 |  10622 |    316 |   1649 |   6927 |   9 | 1215.3 |
        Temple |     45 |     23 |     22 |      0 |      0 |   1 |   45.0 |
       Ossuary |    297 |    297 |      0 |    100 |     79 |   1 |  297.0 |
        Bailey |    169 |    169 |      0 |     59 |      0 |   1 |  169.0 |
               +--------+--------+--------+--------+--------+-----+--------+

Top non-repeatable levels by time:
     D:8: 2357 daAuts
     D:1: 1474 daAuts
     D:7: 1471 daAuts
     D:2: 1412 daAuts
     D:4: 1222 daAuts
     D:3: 1041 daAuts
     D:6: 959 daAuts
     D:5: 900 daAuts
 Ossuary: 297 daAuts
  Bailey: 169 daAuts
     D:9: 97 daAuts
  Temple: 45 daAuts
